 Dungeon Crawl Stone Soup version 0.30.1-3-gfc49f6343a (webtiles) character file.

Game seed: 13133707279996554790

13901 Anriel the Skirmisher (level 11, -17/63 HPs)
             Began as a Deep Elf Hunter on July 31, 2023.
             Was a High Priest of Okawaru.
             Demolished by a death yak (24 damage)
             ... on level 11 of the Dungeon.
             The game lasted 01:09:09 (9329 turns).

Anriel the Skirmisher (Deep Elf Hunter)             Turns: 9329, Time: 01:09:09

Health: -17/63     AC: 12    Str:  7    XL:     11   Next: 81%
Magic:  20/20      EV: 23    Int: 11    God:    Okawaru [*****.]
Gold:   1132       SH:  0    Dex: 23    Spells: 20/20 levels left

rFire   . . .        L - +3 arbalest (elec)
rCold   . . .        (shield currently unavailable)
rNeg    + . .        d - +0 troll leather armour
rPois   +            i - +2 helmet
rElec   .            n - +2 ratskin cloak {*Rats rPois rN+ Str-1 Int-1 Dex+1}
rCorr   .            (no gloves)
SInv    .            r - +0 pair of boots
Will    +++..        f - necklace of Bloodlust {Fury *Rage Will++ Int-3 Slay+6}
Stlth   ++++         E - +5 ring of evasion
HPRegen 1.10/turn    (no ring)
MPRegen 0.17/turn

%: random rage (50%)
@: on berserk cooldown, slowed, very slow
A: no striking features
a: Renounce Religion, Heroism, Finesse, Duel


You were on level 11 of the Dungeon.
You worshipped Okawaru.
Okawaru was extremely pleased with you.
You visited 2 branches of the dungeon, and saw 12 of its levels.
You also visited: Ossuary and Bailey.

You collected 1132 gold pieces.

Inventory:

Hand Weapons
 a - a +2 shortbow of flaming
 g - a +2 vampiric short sword
 s - the +9 staff of Olgreb {rPois∞}
   (You found it on level 7 of the Dungeon)

   It enhances your poison magic.
   It grants immunity to poison.
   It can be activated via the 'a'bility menu to radiate toxic energy, with
   effectiveness depending on Evocations skill.
 L - a +3 arbalest of electrocution (weapon)
 N - a +2 heavy longbow
Armour
 d - a +0 troll leather armour (worn)
 i - a +2 helmet (worn)
 l - a +0 cloak of preservation
 n - the +2 ratskin cloak (worn) {*Rats rPois rN+ Str-1 Int-1 Dex+1}
   (You found it on level 3 of the Dungeon)

   *Rats:     When the wearer is hurt, rats may emerge from it to assist them.
   Str:       It affects your strength (-1).
   Int:       It affects your intelligence (-1).
   Dex:       It affects your dexterity (+1).
   rPois:     It protects you from poison.
   rN:        It protects you from negative energy.
 r - a +0 pair of boots (worn)
 w - the +4 scale mail "Elenein" {+Inv Int+4}
   (You found it on level 6 of the Dungeon)

   Int:       It affects your intelligence (+4).
   +Inv:      It lets you turn invisible.
 y - a +1 ring mail of fire resistance
 D - a +3 ring mail
 G - a +2 robe of willpower
 H - a +2 robe of cold resistance
 I - +0 acid dragon scales
 K - a scarf of shadows
Jewellery
 f - the necklace of Bloodlust (around neck) {Fury *Rage Will++ Int-3 Slay+6}
   (You found it on level 7 of the Dungeon)

   [amulet of nothing]

   Fury:      It extends the wearer's berserk rage when killing foes.
   Int:       It affects your intelligence (-3).
   Slay:      It affects your accuracy & damage with ranged weapons and melee
   (+6).
   *Rage:     It berserks you when you make melee attacks (+50% chance).
   Will:      It greatly increases your willpower.
 A - a ring of flight
 E - a +5 ring of evasion (left hand)
 J - an amulet of faith
Wands
 c - a wand of digging (6)
 k - a wand of polymorph (7)
 t - a wand of iceblast (26)
 F - a wand of quicksilver (8)
 M - a wand of mindburst (5)
Scrolls
 j - 5 scrolls of identify
 m - 4 scrolls of amnesia
 p - 9 scrolls of teleportation
 x - a scroll of fear
 C - a scroll of brand weapon
Potions
 h - 3 potions of flight
 o - 7 potions of might
 q - 8 potions of curing
 v - 3 potions of brilliance
 B - a potion of lignification
Miscellaneous
 z - a piece from Xom's chessboard (15/15)


   Skills:
 - Level 5.1 Fighting
 * Level 12.6 Ranged Weapons
 - Level 5.0 Armour
 + Level 9.2 Dodging
 + Level 9.3 Stealth
 - Level 5.0 Spellcasting
 + Level 9.6 Invocations
 - Level 5.1 Evocations


You had 20 spell levels left.
You didn't know any spells.
Your spell library contained the following spells:

 Spells                   Type           Power      Damage    Failure   Level
 Shock                    Conj/Air       8%         1d3       30%         1
 Lesser Beckoning         Tloc           4%         N/A       41%         2
 Poisonous Vapours        Pois/Air       4%         N/A       41%         2
 Gell's Gravitas          Tloc           2%         N/A       65%         3
 Mephitic Cloud           Conj/Pois/Air  2%         N/A       65%         3
 Ozocubu's Armour         Ice            2%         N/A       65%         3
 Swiftness                Air            2%         N/A       65%         3
 Teleport Other           Tloc           2%         N/A       65%         3
 Airstrike                Air            1%         2d(1-17)  96%         4
 Borgnjor's Vile Clutch   Necr/Erth      1%         N/A       100%        5
 Freezing Cloud           Conj/Ice/Air   1%         6-21      100%        5
 Ozocubu's Refrigeration  Ice            1%         4d7       100%        7
 Animate Dead             Necr           Unusable   N/A       N/A         4
 Death Channel            Necr           Unusable   N/A       N/A         6

Dungeon Overview and Level Annotations

Branches:
Dungeon (11/15)            Temple (1/1) D:6             Orc (0/2) D:9
Ossuary (visited)          Bailey (visited)
   Lair: D:8-11

Altars:
Ashenzari
Cheibriados
Dithmenos
Elyvilon
Fedhas
Gozag
Hepliaklqana
Kikubaaqudgha
Makhleb
Nemelex Xobeh
Okawaru
Qazlal
Ru
Sif Muna
Trog
Uskayaw
Vehumet
Wu Jian
Xom
Yredelemnul
Zin
The Shining One

Shops:
D:10 [(


Message History

Aim: a death yak (85% to hit)
You shoot a bolt. The bolt hits the death yak!
Lightning courses through the death yak!
The death yak is moderately wounded.
Really read the scroll of immolation?
As you read the scroll of immolation, it crumbles to dust.
The creatures around you are filled with an inner flame!
The death yak closely misses you.
Okay, then.
Do you really want to go berserk while wielding your +3 arbalest of electrocution?
A red film seems to cover your vision as you go berserk!
You feel yourself moving faster!
You feel mighty! The death yak gores you!!
You feel a strong urge to attack something.
You feel your anger nearly subside.
You are no longer berserk.
You are exhausted.
You feel yourself slow down.
Fire: L) +3 arbalest (elec)
Press: ? - help, Q - select action, (/) - cycle Shift-Dir - straight line, f/p - death yak
Aim: a death yak (lightly wounded, inner flame, 85% to hit)
You shoot a bolt. The bolt hits the death yak.
Flame seeps out of the death yak.
The death yak is moderately wounded.
The death yak is engulfed in blazing flames.
Flame seeps out of the death yak.
The death yak gores you!
As you read the scroll of fear, it crumbles to dust.
You assume a fearsome visage.
The death yak easily resists. x2
The hell rat looks frightened!
The death yak is engulfed in blazing flames.
Flame seeps out of the death yak.
The death yak gores you but does no damage.
The death yak closely misses you. The death yak gores you!
* * * LOW HITPOINT WARNING * * *
You feel much better. The death yak gores you!!
* * * LOW HITPOINT WARNING * * *
The death yak completely misses you.
Okay, then.
Okay, then.
You fail to use your ability.
The death yak gores you!!
You die...

#..............#
#..............#
#..............#
#..............#
#........!.....#
#..............#
#..............# .
#..........Y...####....
#.........@Y....)r.....
#..............###.....
#..............# ...
#).............# .
#..............#
#..............#
#..............#
#..............#
#..............#


You could see 2 death yaks and a hell rat (inner flame, fleeing).

Vanquished Creatures
  A two-headed ogre (D:11)
  A death yak (D:11)
  2 deep trolls (D:7)
  An orange crystal statue (D:7)
  An orc knight (Bailey)
  A deep elf pyromancer (D:11)
  A cane toad (shapeshifter) (D:9)
  Psyche (D:9)
  Grinder (D:6)
  A troll (D:10)
  2 hornets (D:9)
  A shadow (D:11)
  A vampire (D:9)
  Sigmund (D:2)
  22 yaks
  A wyvern (D:9)
  A steam dragon (D:9)
  An acid dragon (D:9)
  5 water moccasins
  Duvessa (D:4)
  6 orc warriors
  2 sky beasts
  3 ice beasts
  2 black bears
  An ogre (D:6)
  2 centaurs
  8 kobold brigands
  A bullfrog (D:6)
  4 gnoll sergeants
  Blork the orc (D:5)
  4 scorpions
  5 wights (D:8)
  Dowan (D:4)
  6 killer bees
  3 howler monkeys
  An electric eel (D:7)
  2 hounds (D:5)
  3 orc priests
  Crazy Yiuf (D:2)
  A gnoll bouda (D:7)
  2 iguanas
  10 orc wizards
  8 mummies (Ossuary)
  Robin (D:2)
  21 gnolls
  4 adders
  4 white imps (D:7)
  4 worms
  2 dart slugs
  44 orcs
  2 bats
  10 endoplasms
  A giant cockroach (D:4)
  3 gnoll zombies (Ossuary)
  11 goblins
  14 hobgoblins
  7 jackals
  5 quokkas
  4 ball pythons
  4 frilled lizards
  3 hobgoblin zombies (Ossuary)
  27 kobolds
  2 orc zombies (Ossuary)
  5 rats
302 creatures vanquished.

Vanquished Creatures (collateral kills)
  An ogre (D:5)
  A bullfrog (D:5)
2 creatures vanquished.

Grand Total: 304 creatures vanquished

Notes
Turn   | Place    | Note
-------+----------+-------------------------------------------
     0 | D:1      | Anriel the Deep Elf Hunter began the quest for the Orb.
     0 | D:1      | Reached XP level 1. HP: 12/12 MP: 3/3
   247 | D:1      | Reached XP level 2. HP: 17/17 MP: 4/4
   766 | D:2      | Reached XP level 3. HP: 21/21 MP: 5/5
   827 | D:2      | Noticed Robin
   845 | D:2      | Killed Robin
   904 | D:2      | Reached XP level 4. HP: 24/27 MP: 6/6
   940 | D:2      | Noticed Sigmund
   946 | D:2      | Killed Sigmund
   947 | D:2      | Reached skill level 6 in Ranged Weapons
   947 | D:2      | Reached XP level 5. HP: 32/32 MP: 7/7
   996 | D:2      | Found a faded altar of an unknown god.
  1124 | D:2      | Found a runed translucent door.
  1125 | D:2      | Noticed Crazy Yiuf
  1131 | D:2      | Killed Crazy Yiuf
  1318 | D:3      | Reached XP level 6. HP: 37/37 MP: 8/8
  1321 | D:3      | Found a blossoming altar of Fedhas.
  1451 | D:3      | Found the +2 ratskin cloak {*Rats rPois rN+ Str-1 Int-1
                  | Dex+1}
  1837 | D:3      | Found a broken altar of Ashenzari.
  1848 | D:3      | Found an opulent altar of Gozag.
  2348 | D:4      | Reached XP level 7. HP: 43/43 MP: 9/9
  2470 | D:4      | Found a sparkling altar of Nemelex Xobeh.
  2474 | D:4      | Reached skill level 7 in Ranged Weapons
  2518 | D:4      | Noticed Duvessa
  2518 | D:4      | Noticed Dowan
  2661 | D:4      | Killed Duvessa
  2662 | D:4      | Reached skill level 5 in Dodging
  2666 | D:4      | Killed Dowan
  2806 | D:5      | Entered Level 5 of the Dungeon
  2833 | D:5      | Found a shadowy altar of Dithmenos.
  3015 | D:5      | Found a sand-covered staircase.
  3042 | D:5      | Reached skill level 5 in Stealth
  3089 | D:5      | Reached skill level 5 in Fighting
  3090 | D:5      | Reached skill level 1 in Evocations
  3090 | D:5      | Reached XP level 8. HP: 37/49 MP: 10/10
  3093 | Ossuary  | Entered an ossuary
  3122 | Ossuary  | Reached skill level 1 in Armour
  3177 | Ossuary  | Reached skill level 1 in Spellcasting
  3388 | D:5      | Noticed Blork the orc
  3399 | D:5      | Killed Blork the orc
  3409 | D:5      | Reached skill level 8 in Ranged Weapons
  3623 | D:5      | Found a radiant altar of Vehumet.
  3855 | D:6      | Noticed Grinder
  3864 | D:6      | Killed Grinder
  3932 | D:6      | Found a staircase to the Ecumenical Temple.
  3986 | Temple   | Entered the Ecumenical Temple
  4138 | Temple   | Became a worshipper of Warmaster Okawaru
  4264 | D:6      | Reached XP level 9. HP: 54/54 MP: 16/16
  4289 | D:6      | Reached skill level 9 in Ranged Weapons
  4298 | D:6      | Reached * piety under Okawaru
  4319 | D:6      | Reached skill level 5 in Spellcasting
  4572 | D:6      | Identified the +4 scale mail "Elenein" {+Inv Int+4}
  4748 | D:6      | Reached skill level 5 in Armour
  4748 | D:6      | Reached skill level 1 in Invocations
  5017 | D:7      | Found a sacrificial altar of Ru.
  5073 | D:7      | Noticed a deep troll
  5073 | D:7      | Noticed a deep troll
  5123 | D:7      | Killed a deep troll
  5124 | D:7      | Reached skill level 5 in Evocations
  5203 | D:7      | Killed a deep troll
  5203 | D:7      | Reached ** piety under Okawaru
  5204 | D:7      | Reached skill level 10 in Ranged Weapons
  5204 | D:7      | Reached XP level 10. HP: 27/59 MP: 19/19
  5363 | D:7      | Noticed a deep troll
  5364 | D:7      | Found the necklace of Bloodlust {Fury *Rage Will++ Int-3
                  | Slay+6}
  5394 | D:7      | a deep troll changed into a water moccasin
  6519 | D:7      | Noticed an orange crystal statue
  6519 | D:7      | Found the +9 staff of Olgreb {rPois∞}
  6644 | D:7      | Killed an orange crystal statue
  6645 | D:7      | Reached skill level 5 in Invocations
  7014 | D:8      | Reached *** piety under Okawaru
  7194 | D:8      | Found a shimmering blue altar of Sif Muna.
  7630 | D:9      | Found a snail-covered altar of Cheibriados.
  7652 | D:9      | Reached skill level 11 in Ranged Weapons
  7684 | D:9      | Noticed Psyche
  7689 | D:9      | Killed Psyche
  7693 | D:9      | Found a flagged portal.
  7703 | D:9      | Reached **** piety under Okawaru
  7712 | Bailey   | Entered a bailey
  7801 | Bailey   | Noticed an orc knight
  7819 | Bailey   | Killed an orc knight
  7835 | Bailey   | Reached XP level 11. HP: 63/63 MP: 20/20
  7851 | Bailey   | Found a bloodstained altar of Trog.
  7982 | D:9      | Received a gift from Okawaru
  8018 | D:9      | Paralysed by a hornet for 3 turns
  8047 | D:9      | Found a staircase to the Orcish Mines.
  8570 | D:10     | Entered Level 10 of the Dungeon
  8609 | D:10     | Reached ***** piety under Okawaru
  8684 | D:10     | Found Miani's Armour Shop.
  8726 | D:10     | Found an ornate altar of the Wu Jian Council.
  8764 | D:10     | Found Iciam's Weapon Emporium.
  9118 | D:10     | Reached skill level 12 in Ranged Weapons
  9235 | D:11     | Noticed a deep elf pyromancer
  9240 | D:11     | Killed a deep elf pyromancer
  9270 | D:11     | Received a gift from Okawaru
  9306 | D:11     | Noticed a death yak
  9307 | D:11     | Noticed a two-headed ogre
  9311 | D:11     | Noticed a death yak
  9315 | D:11     | Killed a death yak
  9315 | D:11     | Noticed a death yak
  9317 | D:11     | Killed a two-headed ogre
  9329 | D:11     | Demolished by a death yak

Illustrated notes

Levels and vault maps discovered:
D:1:      dpeg_arrival_orchard, layout_basic, hex_tiny
D:2:      layout_rooms, hellmonk_ecumenical_altar_dog_temple, uniq_sigmund,
          uniq_crazy_yiuf_cottage, uniq_robin
D:3:      cheibrodos_thug_alley, layout_basic, mainiacjoe_overflow_big_doors,
          amcnicky_altar_gilded
D:4:      layout_loops_ring, mainiacjoe_overflow_brackets, uniq_duvessa
D:5:      layout_loops_ring, mainiacjoe_overflow_catwalk,
          lemuel_coloured_pillars_altar, nicolae_ossuary_entry_ruins,
          uniq_blork_the_orc
D:6:      layout_rooms, minmay_temple_entry_statues_fountains, uniq_grinder
D:7:      statuecave_lemuel, layout_basic, mainiacjoe_overflow_small_starburst,
          grunt_ministairs_15, hellmonk_guarded_unrand_vitality_bloodlust
D:8:      layout_basic, kennysheep_mini
D:9:      layout_basic, lemuel_crystal_altar, hiddenorc1_lemuel, enter_bailey_6,
          uniq_psyche
D:10:     layout_basic, mainiacjoe_overflow_cross_hatched, serial_shops,
          nicolae_shop_bloodbath_and_beyond, shop
D:11:     layout_long_grid, dpeg_lair_monsters
Temple:   hellmonk_temple_forest_ring

Skill      XL: |  1  2  3  4  5  6  7  8  9 10 11 |
---------------+----------------------------------+-----
Fighting       | 2 3 4 5 |  5.1
Stealth        | 2 3 4 5 7 9 |  9.3
Dodging        | 3 4 5 6 7 9 |  9.2
Ranged Weapons | 6 7 8 10 11 12 | 12.6
Evocations     | 1 3 5 |  5.1
Armour         | 3 5 |  5.0
Spellcasting   | 3 5 |  5.0
Invocations    | 3 7 9 |  9.6

Action                     |  1- 3 |  4- 6 |  7- 9 | 10-12 || total
---------------------------+-------+-------+-------+-------++-------
  Melee: Short sword       |    15 |    32 |    22 |       ||    69
         Punch             |       |       |     1 |       ||     1
   Fire: Shortbow          |    78 |   144 |   341 |   360 ||   923
         Arbalest          |       |       |       |   110 ||   110
 Invoke: Heroism           |       |       |     1 |     2 ||     3
  Evoke: Wand              |       |       |       |     2 ||     2
    Use: Scroll            |     3 |     7 |    11 |     8 ||    29
         Potion            |       |       |     5 |     5 ||    10
   Stab: Sleeping          |       |       |     1 |       ||     1
 Armour: Leather armour    |    17 |    16 |    59 |     5 ||    97
         Troll leather arm |       |       |       |    53 ||    53
  Dodge: Dodged            |    27 |    42 |   152 |   236 ||   457
